 Dungeon Crawl Stone Soup version 0.28-a0-1159-g27aa881441 (webtiles) character file.

Game seed: 12044851602075841608

28 spaghetti the Skirmisher (level 3, 9/39 HPs)
             Began as an Ogre Delver on Dec 15, 2021.
             Was an Initiate of Sif Muna.
             Quit the game on level 7 of the Dungeon.
             The game lasted 00:01:49 (755 turns).

spaghetti the Skirmisher (Ogre Delver)               Turns: 755, Time: 00:01:50

Health: 9/39       AC:  3    Str: 16    XL:     3   Next: 14%
Magic:  7/7        EV:  9    Int: 13    God:    Sif Muna [......]
Gold:   53         SH:  0    Dex: 10    Spells: 8/8 levels left

rFire   . . .      SeeInvis .   a - +0 mace {mace}
rCold   . . .      Faith    .   (no shield)
rNeg    . . .      Spirit   .   b - +0 robe
rPois   .          Reflect  .   (helmet restricted)
rElec   .          Harm     .   (no cloak)
rCorr   .          Rampage  .   (gloves unavailable)
Will    .....                   (boots unavailable)
Stlth   ++........              (no amulet)
HPRegen 0.13/turn               (no ring)
MPRegen 0.10/turn               (no ring)

@: lethally poisoned (9 -> -9), hasted, very quick
A: large, unfitting armour, tough skin 1
a: Renounce Religion


You were on level 7 of the Dungeon.
You worshipped Sif Muna.
Sif Muna was noncommittal.
You visited 2 branches of the dungeon, and saw 4 of its levels.

You collected 53 gold pieces.


Innate Abilities, Weirdness & Mutations

You are too large for most types of armour.
You have tough skin. (AC +1)


   Skills:
 - Level 4.0 Fighting
 - Level 1.7 Maces & Flails
 - Level 1.7 Dodging
 - Level 3.7 Stealth
 + Level 3.0 Spellcasting


You had 8 spell levels left.
You didn't know any spells.
Your spell library was empty.

Inventory:

Hand Weapons
 a - a +0 mace (weapon) {mace}
Missiles
 h - 13 stones (quivered) {throwing}
Armour
 b - a +0 robe (worn)
Wands
 g - a wand of digging (3)
Scrolls
 c - a scroll of fog
 d - a scroll of magic mapping {!r}

Dungeon Overview and Level Annotations

Branches:
Dungeon (7/15)             Temple (1/1) D:5

Altars:
Ashenzari
Cheibriados
Fedhas
Gozag
Hepliaklqana
Kikubaaqudgha
Makhleb
Nemelex Xobeh
Okawaru
Qazlal
Sif Muna
Trog
Wu Jian
Xom
The Shining One

#+ #. #.
##s##
#..@#
#/....#
#.......
#.#.#####
...## ..#
###


You could see a scorpion.


Message History

Ouch! That really hurt!
* * * LOW HITPOINT WARNING * * *
😨 HP[-23]
You take 23 damage, and now have 16/39 hp.
MASSIVE DAMAGE!! (PAUSE)
As you read the scroll of fear, it crumbles to dust.
You assume a fearsome visage.
The ogre looks frightened!
You climb downwards.
There is a stone staircase leading up here. 😨 HP[+1] Unknown command.
Unknown command.
You start resting. 😎 HP[+22]
Your hp is fully restored (39).
An adder comes into view.
Found a stone staircase leading down.
There is a stone staircase leading down here.
There is a stone staircase leading down here.
You climb downwards.
You hear the roar of battle.
There is an entrance to a bailey on this level.
Hurry and find it before the portal closes forever!
There is a stone staircase leading up here.
Unknown command.
Unknown command.
Unknown command.
Unknown command.
Unknown command.
You climb upwards.
There is a stone staircase leading down here.
Unknown command.
Unknown command.
The adder hisses angrily.
There are no items here.
There are no items here.
There are no items here.
There are no items here.
Unknown command.
Unknown command.
Unknown command.
You closely miss the adder. The adder closely misses you. The adder bites you.
You are poisoned.
The adder poisons you! 😕 HP[-2]
You take 2 damage, and now have 37/39 hp.
Unknown command.
Unknown command.
Unknown command.
You barely miss the adder.
You feel sick. The adder barely misses you. The adder bites you.
You are more poisoned.
The adder poisons you! 😕 HP[-6]
You take 6 damage, and now have 31/39 hp.
Unknown command.
Okay, then.
You barely miss the adder.
You feel very sick. The adder bites you.
You are more poisoned.
The adder poisons you! The adder barely misses you. 😮 HP[-7]
You take 7 damage, and now have 24/39 hp.
Unknown command.
You feel yourself speed up.
You feel sick. The adder barely misses you. 😮 HP[-2]
You take 2 damage, and now have 22/39 hp.
Okay, then.
You aren't carrying any potions.
You feel sick. 😮 HP[-2]
You take 2 damage, and now have 20/39 hp.
You feel sick. 😨 HP[-1]
You take 1 damage, and now have 19/39 hp.
You are mildly poisoned (19 -> 13).
Your actions are hasted.
Your movement speed is very quick.
Your attack delay is about 0.9.
Unknown command.
You feel sick. 😨 HP[-1]
You take 1 damage, and now have 18/39 hp.
You feel sick.
There is a stone staircase leading down here.
You feel sick.
You climb downwards.
You hear the roar of battle.
There is an entrance to a bailey on this level.
Hurry and find it before the portal closes forever!
You feel sick. The scorpion stings you!
* * * LOW HITPOINT WARNING * * *
You are lethally poisoned!
The scorpion poisons you!
There is a stone staircase leading up, spattered with blood here. 😱 HP[-9]
You take 9 damage, and now have 9/39 hp.
MASSIVE DAMAGE!! (PAUSE)
Okay, then.
Okay, then.
You aren't carrying any potions.
Unknown command.
Are you sure you want to abandon this character and quit the game? (Confirm with "yes".)

Skill      XL: |  1  2  3 |
---------------+----------+-----
Spellcasting   | 2 3 |  3.0
Fighting       | |  4.0
Maces & Flails | |  1.7
Dodging        | |  1.7
Stealth        | |  3.7

Action                   || total
-------------------------++-------
Melee: Mace              ||    18
Throw: Stone             ||     3
  Use: Scroll            ||     1
       Potion            ||     1
Armor: Robe              ||     2
Dodge: Dodged            ||    10

Levels and vault maps discovered:
D:5:      layout_loops_cross, mainiacjoe_overflow_alcove_2,
          minmay_temple_entry_junction
D:6:      layout_basic, lemuel_doored_altar, supply_closet_lemuel,
          uniq_crazy_yiuf_cottage, uniq_duvessa
D:7:      layout_loops_corners, enter_bailey_3, uniq_maggie
Temple:   regret_index_temple_waves

Notes
Turn   | Place    | Note
-------+----------+-------------------------------------------
     0 | D:5      | spaghetti the Ogre Delver began the quest for the Orb.
     0 | D:5      | Reached XP level 1. HP: 24/24 MP: 1/1
     0 | D:5      | magus.rc [v1.9.6]
    16 | D:5      | Found a staircase to the Ecumenical Temple.
    25 | Temple   | Entered the Ecumenical Temple
   148 | Temple   | Became a worshipper of Sif Muna the Loreminder
   256 | D:5      | Noticed an orc wizard
   268 | D:5      | Killed an orc wizard
   269 | D:5      | Reached skill level 2 in Spellcasting
   269 | D:5      | Reached XP level 2. HP: 26/32 MP: 2/5
   269 | D:5      | Reached XP level 3. HP: 32/39 MP: 2/7
   327 | D:5      | Reached skill level 3 in Spellcasting
   532 | D:5      | Noticed an ogre
   736 | D:7      | Noticed a scorpion
   754 | D:7      | HP: 9/39 [scorpion (7)]
   755 | D:7      | Quit the game

Vanquished Creatures
  An orc wizard (D:5)
  2 orcs (D:5)
3 creatures vanquished.

Table legend:
 A = Non-vault XP
 B = Vault XP
 C = Vault XP percentage of total XP
 D = Non-vault monster count
 E = Vault monster count
 F = Vault count percentage of total count
                 A         B        C        D         E       F
            +---------+---------+-------+---------+---------+-------
      Total |      41 |       0 |   0.0 |       3 |       0 |   0.0
            +---------+---------+-------+---------+---------+-------
        D:5 |      41 |       0 |   0.0 |       3 |       0 |   0.0
            +---------+---------+-------+---------+---------+-------

Illustrated notes

Table legend:
 A = Kills in this place as a percentage of kills in entire the game.
 B = Kills by you in this place as a percentage of kills by you in the entire game.
 C = Kills by friends in this place as a percentage of kills by friends in the entire game.
 D = Other kills in this place as a percentage of other kills in the entire game.
 E = Experience gained in this place as a percentage of experience gained in the entire game.
 F = Experience gained in this place divided by the number of levels of this place that you have seen.
                   A       B       C       D       E      F
               +-------+-------+-------+-------+-------+----------------------
         Total | 100.0 | 100.0 |   N/A |   N/A | 100.0 |  10.2
       Dungeon | 100.0 | 100.0 |   N/A |   N/A | 100.0 |  13.7
               +-------+-------+-------+-------+-------+----------------------

Table legend: (Time is in decaauts)
 A = Elapsed time spent in this place.
 B = Non-inter-level travel time spent in this place.
 C = Inter-level travel time spent in this place.
 D = Time resting spent in this place.
 E = Time spent auto-exploring this place.
 F = Levels seen in this place.
 G = Mean time per level.
                   A        B        C        D        E       F      G
               +--------+--------+--------+--------+--------+-----+--------+
         Total |    758 |    725 |     33 |    233 |    368 |   4 |  189.5 |
       Dungeon |    628 |    627 |      1 |    233 |    291 |   3 |  209.3 |
        Temple |    130 |     98 |     32 |      0 |     77 |   1 |  130.0 |
               +--------+--------+--------+--------+--------+-----+--------+

Top non-repeatable levels by time:
     D:5: 425 daAuts
     D:6: 200 daAuts
  Temple: 130 daAuts
     D:7: 2 daAuts
